 Dungeon Crawl Stone Soup version 0.18.1-48-g4cf74bf (webtiles) character file.

938 MBI the Stinger (level 7, 0/55 HPs)
             Began as a Mottled Draconian Venom Mage on July 8, 2016.
             Slain by an ogre
             ... wielding a +0 giant club
              (28 damage)
             ... on level 5 of the Dungeon.
             The game lasted 00:39:30 (6378 turns).

MBI the Stinger (Mottled Draconian Venom Mage)      Turns: 6378, Time: 00:39:31

Health: 0/55       AC:  7    Str: 10    XL:     7   Next: 87%
Magic:  10/13      EV: 13    Int: 17    God:
Gold:   201        SH:  0    Dex: 12    Spells: 3 memorised, 8 levels left

rFire  . . .     SeeInvis .     a - +3 dagger (speed)
rCold  . . .     Gourm    .     (armour unavailable)
rNeg   + . .     Faith    .     (no shield)
rPois  .         Spirit   .     (helmet restricted)
rElec  .         Dismiss  .     (no cloak)
rCorr  .         Reflect  .     (no gloves)
SustAt .         Harm     .     e - +0 pair of boots
MR     +....                    (no amulet)
Stlth  ++........               w - ring of protection from magic
                                t - ring of positive energy

@: somewhat resistant to hostile enchantments, unstealthy
A: breathe sticky flame splash, unfitting armour, cold-blooded, AC +6
a: Breathe Sticky Flame


You were on level 5 of the Dungeon.
You were not hungry.

You visited 1 branch of the dungeon, and saw 5 of its levels.

You collected 201 gold pieces.

Inventory:

Hand Weapons
 a - a +3 dagger of speed (weapon)
 b - a +2 scythe of slicing
Armour
 e - a +0 pair of boots (worn)
Jewellery
 t - a ring of positive energy (left hand)
 w - a ring of protection from magic (right hand)
 y - an uncursed ring of protection from fire
 C - an uncursed ring of flight
Scrolls
 c - a scroll of enchant weapon
 f - a scroll of teleportation
 l - 2 scrolls of enchant armour {unknown}
 o - 2 scrolls of noise {unknown}
 p - 2 scrolls of identify
 s - a scroll of immolation {unknown}
 x - a scroll of magic mapping {unknown}
 A - a scroll of remove curse
 B - a scroll of amnesia {unknown}
Potions
 d - a potion of haste {unknown}
 g - a potion of mutation {unknown}
 h - a potion of ambrosia {unknown}
 m - 3 potions of curing {unknown}
 q - a potion of heal wounds {unknown}
 r - 2 potions of berserk rage {unknown}
 v - 2 potions of flight {unknown}
 D - a potion of lignification {unknown}
Books
 i - a Young Poisoner's Handbook

   Spells                             Type                      Level
   a - Sting                          Conjuration/Poison           1
   b - Cure Poison                    Poison                       2
   c - Mephitic Cloud                 Conjuration/Poison/Air       3
   d - Olgreb's Toxic Radiance        Poison                       4
   e - Venom Bolt                     Conjuration/Poison           5
Comestibles
 j - a meat ration
 k - a beef jerky
 n - 4 bread rations
 u - 2 slices of pizza


   Skills:
 + Level 2.0 Fighting
 * Level 2.8 Short Blades
 + Level 4.2 Dodging
 + Level 2.8 Stealth
 + Level 0.8 Unarmed Combat
 + Level 4.2 Spellcasting
 + Level 2.7 Conjurations
 + Level 5.5 Poison Magic


You had 8 spell levels left.
You knew the following spells:

 Your Spells              Type           Power        Failure   Level  Hunger
a - Sting                 Conj/Pois      ###.         2%          1    None
b - Mephitic Cloud        Conj/Pois/Air  ##......     17%         3    ###....
c - Cure Poison           Pois           ###.......   2%          2    ##.....


Dungeon Overview and Level Annotations

Branches:
Dungeon (5/15)
 Temple: D:4-7

Altars:
Nemelex Xobeh
Trog
Yredelemnul
The Shining One


Innate Abilities, Weirdness & Mutations

You can spit globs of burning liquid.
You can ignite nearby creatures when you spit burning liquid.
Your weird mottled scales are hard (AC +6).
Your body does not fit into most forms of armour.
You are cold-blooded and may be slowed by cold attacks.


Message History

Casting: Sting
Confirm with . or Enter, or press ? or * to list all spells.
Aiming: Sting
Press: ? - help, Shift-Dir - straight line, f/p - ogre
Aim: an ogre, wielding a giant club (moderately wounded, poisoned)
The sting hits the ogre.
The ogre is moderately wounded.
The ogre hits you with a giant club!
You barely miss the ogre.
The ogre is moderately wounded.
You hit the ogre.
Your tail-slap misses the ogre.
The ogre is moderately wounded.
The ogre hits you with a giant club!!
You hit the ogre but do no damage.
The ogre is moderately wounded.
You hit the ogre. You tail-slap the ogre.
The ogre is severely wounded.
The ogre looks more healthy.
The ogre hits you with a giant club!!
Ouch! That really hurt!
You die...

### ..# #.# #.# ##.######
#.# ......O.# #.# #@#
####.####### #.#
#<.......... #.#
####.#######
#########.#######...[.....
...................##.##.#
#########.######..[.......
#..................
#......##..#.#.#..#
######......##[.#.#.#...


You could see an ogre.

Vanquished Creatures
  Sigmund (D:3)
  An ogre (D:4)
  Blork the orc (D:5)
  2 scorpions
  2 hounds
  A gnoll shaman (D:4)
  4 orc wizards
  Jessica (D:3)
  An iguana (D:4)
  2 worker ants (D:4)
  8 gnolls (D:4)
  4 adders
  A howler monkey skeleton (D:4)
  A shadow imp (D:5)
  An adder skeleton (D:5)
  4 worms
  A giant gecko (D:1)
  16 orcs
  9 bats
  11 giant cockroaches
  3 goblins
  11 hobgoblins
  A quokka (D:3)
  A giant gecko skeleton (D:5)
  6 giant newts
  6 kobolds
  9 rats
109 creatures vanquished.

Vanquished Creatures (others)
  A wizard (D:4)
1 creature vanquished.

Grand Total: 110 creatures vanquished

Notes
Turn   | Place    | Note
--------------------------------------------------------------
     0 | D:1      | MBI the Draconian Venom Mage began the quest for the Orb.
     0 | D:1      | Reached XP level 1. HP: 14/14 MP: 3/3
   266 | D:1      | Reached XP level 2. HP: 15/20 MP: 1/5
   551 | D:1      | Found a sparkling altar of Nemelex Xobeh.
  1224 | D:2      | Reached XP level 3. HP: 27/27 MP: 2/6
  1337 | D:2      | Learned a level 3 spell: Mephitic Cloud
  1435 | D:2      | Reached skill level 1 in Conjurations
  1956 | D:3      | Noticed Sigmund
  2096 | D:3      | Killed Sigmund
  2096 | D:3      | Reached XP level 4. HP: 24/34 MP: 1/8
  2096 | D:3      | Reached XP level 5. HP: 27/39 MP: 1/9
  2554 | D:3      | Noticed Jessica
  2557 | D:3      | Killed Jessica
  2621 | D:3      | Reached XP level 6. HP: 39/46 MP: 6/10
  3063 | D:4      | Reached skill level 1 in Fighting
  3208 | D:4      | Reached skill level 1 in Short Blades
  3446 | D:4      | Learned a level 2 spell: Cure Poison
  3531 | D:4      | Found a bloodstained altar of Trog.
  3534 | D:4      | Noticed a wizard
  3537 | D:4      | Killed a wizard
  3865 | D:4      | Reached skill level 5 in Poison Magic
  4019 | D:4      | Your scales start taking on a weird mottled colour.
  4019 | D:4      | Reached XP level 7. HP: 46/52 MP: 8/12
  4046 | D:4      | HP: 1/52 [gnoll/halberd (13)]
  4961 | D:4      | Found a basalt altar of Yredelemnul.
  4964 | D:4      | Noticed a profane servitor
  4987 | D:4      | Found a glowing golden altar of the Shining One.
  4989 | D:4      | Noticed an angel
  5337 | D:5      | Entered Level 5 of the Dungeon
  5772 | D:5      | Noticed Blork the orc
  5787 | D:5      | Killed Blork the orc
  6378 | D:5      | Slain by an ogre

Skill      XL: |  1  2  3  4  5  6  7 |
---------------+----------------------+-----
Dodging        | 2 3 4 |  4.2
Conjurations   | 1 2 |  2.7
Stealth        | 2 |  2.8
Spellcasting   | 3 4 |  4.2
Fighting       | 1 2 |  2.0
Short Blades   | 1 2 |  2.8
Poison Magic   | 5 |  5.5
Unarmed Combat | |  0.8

Action                   |  1- 3 |  4- 6 |  7- 9 || total
-------------------------+-------+-------+-------++-------
Melee: Unarmed           |    27 |       |       ||    27
       Tailslap          |    11 |    15 |    16 ||    42
       Dagger            |    90 |   123 |   155 ||   368
       Punch             |     1 |     1 |     1 ||     3
       Scythe            |       |     9 |       ||     9
 Cast: Sting             |    37 |    62 |    49 ||   148
       Mephitic Cloud    |       |     1 |     2 ||     3
 Abil: Breathe Sticky Fl |       |       |     3 ||     3
  Use: Scroll            |       |     6 |     1 ||     7
 Stab: Sleeping          |       |       |     2 ||     2
  Eat: Chunk             |     4 |     3 |     5 ||    12
       Meat ration       |       |     1 |     1 ||     2
Armor: Skin              |    37 |    35 |    29 ||   101
Dodge: Dodged            |    68 |    78 |    61 ||   207
